 Dungeon Crawl Stone Soup version 0.30-a0-715-gdb4ae3ece1 (webtiles) character file.

Game seed: 11327556246272837411

37 acebull12 the Covered (level 3, -4/31 (33) HPs)
             Began as a Minotaur Fighter on Jan 24, 2023.
             Slain by Crazy Yiuf
             ... wielding a +4 quarterstaff of chaos
              (7 damage)
             ... on level 2 of the Dungeon.
             The game lasted 00:03:18 (1830 turns).

acebull12 the Covered (Minotaur Fighter)            Turns: 1830, Time: 00:03:19

HP:   -4/31 (33)    AC:  7    Str: 22    XL:     3   Next: 21%
MP:   2/2           EV:  9    Int:  5    God:
Gold: 124           SH:  4    Dex:  9    Spells: 2/2 levels left

rFire   + . .      SeeInvis .    a - +0 war axe
rCold   + . .      Faith    .    c - +0 buckler
rNeg    . . .      Spirit   .    b - +0 scale mail
rPois   .          Reflect  .    (helmet restricted)
rElec   .          Harm     .    n - scarf {rC+ rF+}
rCorr   .          Rampage  .    (no gloves)
Will    .....                    (no boots) Stlth
                                 (no amulet)
HPRegen 0.25/turn                (no ring)
MPRegen 0.08/turn                (no ring)

@: drained
A: horns 2, retaliatory headbutt
a: no special abilities


You were on level 2 of the Dungeon.
You visited 1 branch of the dungeon, and saw 2 of its levels.

You collected 124 gold pieces.

Inventory:

Hand Weapons
 a - a +0 war axe (weapon)
Missiles
 e - 11 stones (quivered)
 l - 8 javelins
 p - 4 boomerangs
Armour
 b - a +0 scale mail (worn)
 c - a +0 buckler (worn)
 n - a scarf of resistance (worn)
Jewellery
 q - an amulet of faith
Scrolls
 f - 2 scrolls of enchant weapon {unknown}
 h - a scroll of brand weapon {unknown}
 j - a scroll of magic mapping {unknown}
 k - 4 scrolls of identify {unknown}
 m - a scroll of immolation {unknown}
 o - a scroll of blinking {unknown}
Potions
 d - a potion of might
 g - a potion of lignification {unknown}
 i - a potion of curing {unknown}


   Skills:
 + Level 4.0 Fighting
 + Level 2.5 Axes
 * Level 4.3 Armour
 * Level 4.3 Shields


You had 2 spell levels left.
You didn't know any spells.
Your spell library was empty.

Dungeon Overview and Level Annotations

Branches:
Dungeon (2/15)

Altars:

Annotations:
D:2 Crazy Yiuf


Innate Abilities, Weirdness & Mutations

You have a pair of horns on your head.
You reflexively headbutt those who attack you in melee.


Message History

You miss the kobold. Your headbutt misses the kobold.
The kobold hits you but does no damage.
You closely miss the kobold. You block the kobold's attack.
The kobold hits you but does no damage.
You slash the kobold!
You kill the kobold!
No target in view!
You see here a +0 club.
As you open the door, it creaks loudly!
There is an open door here.
k - 4 scrolls labelled GYICZOI NOOSH (gained 1)
q - an amulet of faith An adder comes into view.
The adder hisses angrily.
An adder is nearby!
You slash the adder!
You kill the adder!
You have reached level 3!
Your experience leads to an increase in your attributes!
Increase (S)trength, (I)ntelligence, or (D)exterity?
You feel stronger. x2
Key pressed, stopping explore.
There is an open door here.
Crazy Yiuf shouts!
Could not explore, unopened runed door.
No reachable target in view!
You open the door. You closely miss Crazy Yiuf.
Crazy Yiuf hits you with a +4 quarterstaff of chaos!!
Ouch! That really hurt!
You barely miss Crazy Yiuf. Your headbutt misses Crazy Yiuf.
Crazy Yiuf barely misses you.
You barely miss Crazy Yiuf.
Crazy Yiuf hits you with a +4 quarterstaff of chaos!
* * * LOW HITPOINT WARNING * * *
You feel drained.
* * * LOW HITPOINT WARNING * * *
Crazy Yiuf says, "Announcement!
Ghoul ena Orb Guardian."
Crazy Yiuf hits you with a +4 quarterstaff of chaos!
You die...

#....####.###....#.#
#....# #[+......+.#
♣....♣ #.###....#.#
♣...♣♣ #.# #....#.#
♣♣.♣♣ #####....#.#
♣.♣♣ #.....####.#
♣♣.♣ #.....# #.#
♣.♣♣ #.....####.#
♣♣@♣ #........#.#
#g# #........#.# ...
#........#.. #...#
#...#....#.# #..)#
#...#....... #####
#...#..#####
#...#..#####
#######...#.......
#.........#...####


You could see Crazy Yiuf.

Vanquished Creatures
  An adder (D:2)
  2 ball pythons (D:1)
  3 bats
  3 endoplasms (D:1)
  A giant cockroach (D:2)
  A goblin (D:2)
  3 hobgoblins (D:1)
  4 kobolds
  2 quokkas (D:1)
  3 frilled lizards (D:1)
  2 rats (D:1)
25 creatures vanquished.

Notes
Turn   | Place    | Note
-------+----------+-------------------------------------------
     0 | D:1      | acebull12 the Minotaur Fighter began the quest for the Orb.
     0 | D:1      | Reached XP level 1. HP: 19/19 MP: 0/0
   157 | D:1      | Reached XP level 2. HP: 27/27 MP: 1/1
  1423 | D:2      | Identified the +0 robe "Ceosith" {-Tele rC++ Str+9 SInv}
  1452 | D:2      | Found a runed translucent door.
  1453 | D:2      | Noticed Crazy Yiuf
  1626 | D:2      | Reached XP level 3. HP: 33/33 MP: 2/2
  1830 | D:2      | Slain by Crazy Yiuf

Illustrated notes

Levels and vault maps discovered:
D:1:      dpeg_arrival_lava_temple_mockup, layout_basic
D:2:      layout_basic, uniq_crazy_yiuf_cottage

Skill      XL: |  1  2 |
---------------+-------+-----
Shields        | 4 |  4.3
Armour         | 4 |  4.3
Fighting       | 4 |  4.0
Axes           | |  2.5

Action                     || total
---------------------------++-------
  Melee: War axe           ||    47
         Headbutt          ||     6
 Armour: Scale mail        ||    19
  Dodge: Dodged            ||    18
  Block: Buckler           ||    13

Table legend: (Time is in decaauts)
 A = Elapsed time spent in this place.
 B = Non-inter-level travel time spent in this place.
 C = Inter-level travel time spent in this place.
 D = Time resting spent in this place.
 E = Time spent auto-exploring this place.
 F = Levels seen in this place.
 G = Mean time per level.
                   A        B        C        D        E       F      G
               +--------+--------+--------+--------+--------+-----+--------+
         Total |   1849 |   1672 |    177 |      0 |   1375 |   2 |  924.5 |
       Dungeon |   1849 |   1672 |    177 |      0 |   1375 |   2 |  924.5 |
               +--------+--------+--------+--------+--------+-----+--------+

Top non-repeatable levels by time:
     D:1: 986 daAuts
     D:2: 863 daAuts
